Map: Dreamcatcher LE

Players

AMERICA

  • Race: Protoss Protoss
  • League: Diamond
  • Spawn Location: 11:00

IraqLobster - Winner!

  • Race: Terran Terran
  • Spawn Location: 5:00

VOD

Have the link to the VOD?

Description

Time

  • Played on: July 18, 2018, 11:33 a.m.
  • Length: 8:46
Show
View Real Time Build Order
Export as new Build Order

AMERICA Protoss 

Build Orders: 1 Gate Expand, Blink Stalkers 

Get SALT Encoding   

  12  0:01  Probe  
  13  0:13  Probe  
  14  0:17  Pylon  
  14  0:25  Probe  
  15  0:34  Probe  
  15  0:37  Gateway  
  16  0:43  Probe  
  16  0:48  Assimilator  
  17  0:52  Probe  
  19  1:04  Probe  
  19  1:24  Nexus  
  19  1:25  Probe  
  20  1:35  Cybernetics Core  
  20  1:38  Probe  
  21  1:45  Assimilator  
  21  1:50  Probe  
  22  1:54  Pylon  
  22  2:02  Stalker  
  22  2:13  Warp Gate  
  24  2:27  Stalker  
  26  2:42  Twilight Council  
  26  2:50  Stalker  
  28  3:04  Probe  
  29  3:07  Blink  
  29  3:12  Stalker  
  28  3:15  Probe  
  29  3:23  Gateway x2  
  29  3:24  Probe  
  30  3:27  Probe  
  31  3:40  Probe x2  
  33  3:52  Probe x2  
  35  4:09  Nexus  
  35  4:11  Probe  
  35  4:12  Probe  
  37  4:26  Robotics Facility  
  37  4:30  Probe  
  38  4:34  Pylon  
  38  4:43  Probe  
  38  4:44  Probe  
  38  4:52  Charge  
  36  4:55  Probe  
  36  4:56  Probe  
  38  5:05  Stalker  
  40  5:08  Probe x2, Stalker  
  40  5:09  Stalker  
  46  5:15  Observer  
  46  5:20  Probe x2  
  49  5:30  Gateway  
  49  5:31  Gateway  
  49  5:32  Probe x2  
  51  5:36  Gateway  
  51  5:39  Gateway  
  51  5:47  Gateway x2  
  51  5:52  Warp Prism  
  53  6:09  Pylon  
  53  6:12  Pylon  
  53  6:17  Stalker x2  
  57  6:19  Stalker  
  59  6:32  Probe  
  60  6:35  Pylon  
  60  6:39  Zealot x3  
  63  6:50  Zealot x3  
  50  7:01  Zealot  
  50  7:04  Zealot x3  
  47  7:11  Probe  
  47  7:12  Probe  
  45  7:19  Zealot x2  
  45  7:20  Zealot x2  
  45  7:30  Zealot x2  
  47  7:42  Zealot  
  47  7:43  Probe  
  48  7:45  Probe  
  49  7:56  Stalker  
  49  7:58  Probe  
  50  8:18  Zealot  
  50  8:19  Zealot x3  
  58  8:34  Zealot x4  
Show
View Real Time Build Order
Export as new Build Order

IraqLobster Terran - Winner!

Build Orders: Liberator Opening, MMM Bio 

Get SALT Encoding   

  12  0:02  SCV  
  13  0:14  SCV  
  13  0:17  Supply Depot  
  14  0:27  SCV  
  15  0:29  Refinery  
  15  0:39  SCV  
  16  0:46  Barracks  
  16  0:51  SCV  
  17  1:03  SCV  
  18  1:15  SCV  
  19  1:27  SCV  
  20  1:33  Reaper  
  21  1:40  Orbital Command  
  21  1:50  Command Center  
  21  2:03  Factory  
  21  2:05  SCV  
  21  2:08  Barracks Reactor  
  22  2:17  SCV  
  22  2:20  Supply Depot  
  23  2:23  Refinery  
  23  2:42  SCV  
  24  2:45  Marine x2  
  24  2:49  Widow Mine  
  28  2:52  Starport  
  28  2:54  SCV  
  29  3:02  Marine  
  29  3:03  Marine  
  31  3:06  SCV  
  31  3:12  Widow Mine  
  34  3:15  Orbital Command  
  34  3:18  SCV  
  34  3:20  Marine x2  
  36  3:28  Medivac  
  36  3:33  Supply Depot, SCV  
  39  3:35  Factory Tech Lab  
  39  3:39  Marine x2  
  39  3:40  SCV  
  42  3:46  SCV  
  43  3:52  SCV  
  43  3:55  Liberator  
  44  3:57  Bunker  
  44  3:58  Siege Tank  
  47  4:04  Marine x2  
  47  4:07  SCV  
  50  4:11  Supply Depot  
  50  4:14  SCV  
  54  4:22  Supply Depot  
  54  4:30  Supply Depot  
  54  4:32  Marine x2  
  54  4:33  SCV x2  
  58  4:50  Marine x2  
  58  4:51  Siege Tank, SCV  
  64  4:55  Barracks  
  64  4:56  Barracks  
  64  4:58  SCV  
  65  5:00  Refinery  
  65  5:03  Medivac, SCV  
  68  5:08  Marine  
  68  5:09  Marine  
  68  5:11  SCV  
  68  5:13  Supply Depot  
  71  5:16  SCV  
  72  5:21  Refinery  
  72  5:23  SCV  
  72  5:28  Marine, SCV  
  74  5:29  Marine  
  74  5:32  Supply Depot  
  74  5:33  Supply Depot  
  74  5:35  Siege Tank  
  79  5:36  Starport Reactor  
  79  5:37  Supply Depot, SCV  
  79  5:42  SCV  
  81  5:43  Barracks Tech Lab x2  
  81  5:54  SCV, Command Center  
  81  5:55  Marine  
  81  5:56  Marine  
  84  6:03  SCV  
  85  6:06  SCV  
  86  6:11  Siege Tank  
  86  6:15  Marine x2  
  86  6:17  Combat Shields  
  86  6:18  Marine, Stimpack  
  91  6:23  SCV  
  93  6:27  Supply Depot  
  93  6:28  Medivac x2  
  93  6:29  Supply Depot  
  97  6:40  Marine x2  
  97  6:43  SCV x2  
  97  6:46  Engineering Bay x2  
  100  6:47  Supply Depot  
  98  6:55  SCV  
  98  6:57  SCV  
  98  6:59  Siege Tank  
  98  7:00  Marine  
  100  7:06  Marine x2  
  100  7:07  Marine  
  101  7:08  SCV  
  98  7:20  Marine  
  98  7:21  SCV  
  94  7:24  Marine  
  94  7:28  SCV, Barracks x2  
  94  7:29  Barracks  
  96  7:33  SCV  
  95  7:43  Marine  
  95  7:44  Marauder  
  98  7:45  Factory Reactor  
  98  7:46  Medivac  
  98  7:47  Medivac  
  98  7:48  Marine, Marauder  
  105  7:53  SCV, Orbital Command  
  105  7:54  SCV  
  107  8:01  Marine  
  107  8:05  SCV  
  109  8:06  SCV  
  110  8:13  Marine, Marauder  
  110  8:14  Marauder  
  110  8:17  SCV  
  110  8:19  Marine, Barracks Reactor x2, Armory  
  117  8:20  Supply Depot  
  121  8:31  SCV x2  
Tags
 
Add a new tag
Caveats
  • Supply blocks, unpowered buildings, or Contaminate may cause inaccurate times.
  • Supply counts are checked every 10 seconds.